 Dungeon Crawl Stone Soup version 0.30-a0-56-ge6a4009bfd (webtiles) character file.

Game seed: 13032782060615612534

19926 nono the Fighter (level 12, 0/109 HPs)
             Began as a Palentonga Fighter on Sept 10, 2022.
             Was a Believer of Ashenzari.
             Slain by a manticore (15 damage)
             ... on level 3 of the Lair of Beasts.
             The game lasted 00:42:59 (17029 turns).

nono the Fighter (Palentonga Fighter)              Turns: 17029, Time: 00:43:00

Health: 0/109      AC: 26    Str: 25    XL:     12   Next: 40%
Magic:  12/12      EV:  6    Int:  9    God:    Ashenzari [**....]
Gold:   503        SH:  7    Dex: 11    Spells: 11/11 levels left

rFire   + . .      SeeInvis +    J - +6 eveningstar (protect)
rCold   + . .      Faith    .    c - +0 buckler of the Perceptive Anarchy {Self, Fort} (curse)
rNeg    . . .      Spirit   .    v - +0 chain mail of the Gnostic Sorrow {Melee, Comp} (curse)
rPois   .          Reflect  .    (no helmet)
rElec   .          Harm     .    M - scarf of the Lashed Seer {rC+ rF+, Melee, Alch} (curse)
rCorr   +          Rampage  .    k - +0 pair of gloves
Will    .....                    (no barding)
Stlth   ..........               (no amulet)
HPRegen 0.28/turn                t - ring of the Sublime Gloom {rCorr, Fort, Elem} (curse)
MPRegen 0.13/turn                (no ring)

@: under a protective aura, curled up
A: large, rugged brown scales 3, see invisible, deformed body, roll 1, armoured
tail, reflexive curl
a: Rolling Charge, Renounce Religion, Curse Item, Shatter the Chains


You were on level 3 of the Lair of Beasts.
You worshipped Ashenzari.
Ashenzari was pleased with you.
You visited 2 branches of the dungeon, and saw 13 of its levels.
You also visited: Gauntlet.

You collected 746 gold pieces.
You spent 243 gold pieces at shops.

Inventory:

Hand Weapons
 a - a +0 flail
 u - a +1 dagger of venom
 C - the +2 morningstar "Leuluc" {protect, Int+9}
   (You bought it in a shop on level 4 of the Dungeon)

   It grants its wielder temporary protection when it strikes (+7 to AC).
   Int:       It affects your intelligence (+9).
 J - a +6 eveningstar of protection (weapon)
Armour
 b - a +0 scale mail
 c - the cursed +0 buckler of the Perceptive Anarchy (worn) {Self, Fort}

   It has a curse which improves the following skills: Introspection: Fighting
   and Spellcasting.
   Fortitude: Armour and Shields.
 f - a +0 cloak
 k - a +0 pair of gloves (worn)
 v - the cursed +0 chain mail of the Gnostic Sorrow (worn) {Melee, Comp}
   (You found it on level 3 of the Dungeon)

   It has a curse which improves the following skills: Melee Combat: Short
   Blades, Long Blades, Axes, Maces & Flails, Polearms, Staves and Unarmed
   Combat.
   Companions: Summonings and Necromancy.
 E - a +0 cloak of stealth
 M - the cursed scarf of the Lashed Seer (worn) {rC+ rF+, Melee, Alch}
   (You found it on level 1 of the Lair of Beasts)

   It has a curse which improves the following skills: Melee Combat: Short
   Blades, Long Blades, Axes, Maces & Flails, Polearms, Staves and Unarmed
   Combat.
   Alchemy:   Poison Magic and Transmutations.
Jewellery
 t - the cursed ring of the Sublime Gloom (left hand) {rCorr, Fort, Elem}
   (You found it on level 3 of the Dungeon)

   [ring of resist corrosion]

   rCorr:     It protects you from acid and corrosion.
   It has a curse which improves the following skills: Fortitude: Armour and
   Shields.
   Elements:  Fire Magic, Ice Magic, Air Magic and Earth Magic.
 D - a ring of magical power
Wands
 q - a wand of flame (40)
 z - a wand of polymorph (19)
 F - a wand of paralysis (28)
 I - a wand of roots (7)
Scrolls
 d - a scroll of blinking
 i - 2 scrolls of poison
 j - 3 scrolls of teleportation
 m - 18 scrolls of identify
 o - a scroll of torment
 p - 4 scrolls of amnesia
 s - 2 scrolls of vulnerability
 w - a scroll of fear
 y - 4 scrolls of magic mapping
 A - a scroll of immolation
 H - a scroll of enchant armour
 K - a scroll of silence
 L - a scroll of summoning
Potions
 e - 4 potions of curing
 g - 6 potions of mutation
 h - 2 potions of cancellation
 l - 5 potions of flight
 n - 3 potions of magic
 r - 2 potions of haste
 B - 3 potions of ambrosia
 G - 3 potions of brilliance


   Skills:
 + Level 10.9(12.1) Fighting
 + Level 10.7(12.6) Maces & Flails
 + Level 9.2(11.1) Armour
 + Level 10.0(11.9) Shields


You had 11 spell levels left.
You didn't know any spells.
Your spell library contained the following spells:

 Spells                   Type           Power      Damage    Failure   Level
 Inner Flame              Hex/Fire       0%         N/A       99%         3
 Ozocubu's Armour         Ice            0%         N/A       99%         3
 Cause Fear               Hex            0%         N/A       100%        4
 Borgnjor's Revivificati  Necr           0%         N/A       100%        8
 Discord                  Hex            0%         N/A       100%        8
 Necromutation            Tmut/Necr      0%         N/A       100%        8


Dungeon Overview and Level Annotations

Branches:
Dungeon (10/15)            Temple (0/1) D:5            Lair (3/5) D:8
    Orc (0/2) D:9         Gauntlet (visited)
  Swamp: Lair:2-3    Shoals: Lair:2-3     Snake: Lair:2-3    Spider: Lair:2-3

Altars:
Ashenzari
Elyvilon
Kikubaaqudgha
Makhleb
Okawaru
Sif Muna
Trog
Uskayaw
Wu Jian
Yredelemnul
Zin
The Shining One

Shops:
D:4 (

Portals:
Trove: D:10 (give 2 scrolls of acquirement)

Annotations:
D:4 3 runed translucent doors, QuickerDeath's ghost, amateur HuMo


Innate Abilities, Weirdness & Mutations

You are completely covered in rugged brown scales. (AC +3, +7% HP)
You have supernaturally acute eyesight. (SInv)
Armour fits poorly on your strangely shaped body.
You can roll at nearby foes to attack.
You have a long armoured tail.
You curl defensively after being hit. (AC +7*)


Message History

You block the wolf's attack. The wolf bites you but does no damage.
The manticore flicks its tail.
The volley of spikes hits you but does no damage.
You impale the wolf!!
You kill the wolf!
The wolf bites you!
* * * LOW HITPOINT WARNING * * *
You puncture the wolf!
The wolf is heavily wounded.
The wolf bites you but does no damage. x2
The manticore flicks its tail.
The volley of spikes misses you.
You closely miss the wolf.
Your tail-slap misses the wolf.
The wolf is heavily wounded.
The wolf bites you but does no damage.
You puncture the wolf!
You kill the wolf!
The manticore bites you but does no damage.
The manticore barely misses you. You block the manticore's attack.
You bludgeon the manticore!!
The manticore is heavily wounded.
The manticore barely misses you.
The manticore claws you but does no damage.
You block the manticore's attack.
You barely miss the manticore.
The manticore is heavily wounded.
The manticore bites you.
* * * LOW HITPOINT WARNING * * *
The manticore claws you but does no damage. x2
You hit the manticore.
You tail-slap the manticore, but do no damage.
The manticore is heavily wounded.
The manticore bites you but does no damage.
The manticore claws you.
* * * LOW HITPOINT WARNING * * *
The manticore claws you but does no damage.
You hit the manticore. You tail-slap the manticore.
The manticore is severely wounded.
The manticore bites you!
You die...

, , , ~ ≈... ,
,.........h ..§≈ ≈... ,,
,, ....#.... ...≈≈ ~ ≈...
, ........##...≈≈ ~ ..
****♣.......#....≈~ *
*♣............≈ , * *
♣....#........ , , * *,*
♣....H........ *
*♣....@†....... , **, *
*♣.....†....... ,, ,* *{,
♣♣..<......... , ♣♣,
*♣♣#............
.♣♣♣♣♣♣♣♣♣♣..............
,
#...#♣............P......
P...###.......#..........
,, ,
†...###..................
,
#........................
, ,


You could see a manticore.

Vanquished Creatures
  A minotaur (Gauntlet)
  2 hydras
  A catoblepas (Lair:3)
  A death yak (Lair:1)
  A soul eater (Gauntlet)
  2 wizards (Gauntlet)
  A worldbinder (Gauntlet)
  A black mamba (Lair:3)
  Maurice (D:9)
  Joseph (D:8)
  3 komodo dragons
  A rime drake (Lair:1)
  3 cane toads
  Psyche (D:8)
  A hornet (D:9)
  2 trolls
  A blink frog (Lair:1)
  21 yaks
  A spriggan (Lair:1)
  2 wyverns
  2 fire bats (Gauntlet)
  2 humans (D:10)
  2 basilisks (Lair:1)
  A steam dragon (D:9)
  Edmund (D:6)
  Duvessa (D:5)
  An acid dragon (D:9)
  6 water moccasins
  An ice beast (D:7)
  7 black bears
  2 sky beasts (D:7)
  5 orc warriors
  An ogre (D:6)
  11 wolves (Lair:3)
  A boggart (Gauntlet)
  2 centaurs (D:10)
  2 phantoms
  3 kobold brigands
  8 bullfrogs
  2 scorpions
  11 wights
  Dowan (D:5)
  7 killer bees
  5 howler monkeys
  4 quasits (D:7)
  5 hounds
  2 jellies
  7 orc priests
  Crazy Yiuf (D:6)
  2 iguanas
  A scorpion zombie (D:4)
  6 orc wizards
  A hound zombie (D:4)
  2 gnolls (D:10)
  7 adders
  9 shadow imps
  6 white imps
  An ufetubus (D:7)
  A worm (D:4)
  3 dart slugs
  31 orcs
  8 ball pythons
  4 bats
  10 endoplasms
  2 giant cockroaches
  6 goblins
  9 hobgoblins
  10 jackals
  22 kobolds
  2 quokkas (D:1)
  2 frilled lizards
  10 rats
307 creatures vanquished.

Vanquished Creatures (others)
  An orc (D:9)
  A demonic plant (D:7)
  36 fungi (D:8)
  31 plants
69 creatures vanquished.

Grand Total: 376 creatures vanquished

Notes
Turn   | Place    | Note
-------+----------+-------------------------------------------
     0 | D:1      | nono the Palentonga Fighter began the quest for the Orb.
     0 | D:1      | Reached XP level 1. HP: 19/19 MP: 1/1
   203 | D:1      | Reached XP level 2. HP: 25/25 MP: 2/2
  1013 | D:2      | Reached XP level 3. HP: 31/31 MP: 3/3
  1237 | D:2      | Reached XP level 4. HP: 34/37 MP: 4/4
  1748 | D:3      | Noticed a scorpion
  1749 | D:3      | Found a broken altar of Ashenzari.
  2150 | D:3      | Killed a scorpion
  2151 | D:3      | Reached XP level 5. HP: 34/44 MP: 5/5
  2335 | D:3      | Reached XP level 6. HP: 26/51 MP: 6/6
  2820 | D:3      | Became a worshipper of Ashenzari the Shackled
  2864 | D:4      | Found Viaroagh's Antique Weapon Shoppe.
  2924 | D:4      | Found a runed translucent gate.
  2924 | D:4      | Found a runed translucent gate.
  2924 | D:4      | Found a runed translucent gate.
  2924 | D:4      | Noticed QuickerDeath's ghost (amateur HuMo)
  2930 | D:4      | Found a basalt altar of Yredelemnul.
  3731 | D:4      | Gained mutation: You curl defensively after being hit. (AC
                  | +7*) [Palentonga growth]
  3731 | D:4      | Reached XP level 7. HP: 56/58 MP: 7/7
  4075 | D:5      | Entered Level 5 of the Dungeon
  4585 | D:5      | Reached skill level 5 in Fighting
  4970 | D:5      | Noticed Dowan
  4971 | D:5      | Noticed Duvessa
  5212 | D:5      | Found a shimmering blue altar of Sif Muna.
  5351 | D:5      | Killed Duvessa
  5432 | D:5      | Found a staircase to the Ecumenical Temple.
  5442 | D:5      | Killed Dowan
  5443 | D:5      | Reached skill level 5 in Shields
  5443 | D:5      | Reached XP level 8. HP: 28/68 MP: 8/8
  5891 | D:5      | Found a white marble altar of Elyvilon.
  6121 | D:4      | Bought a dazzling morningstar for 243 gold pieces
  6121 | D:4      | Identified the +2 morningstar "Leuluc" {protect, Int+9}
                  | (You bought it in a shop on level 4 of the Dungeon)
  6226 | D:6      | Reached skill level 5 in Maces & Flails
  6332 | D:6      | Noticed Edmund
  6342 | D:6      | Killed Edmund
  6720 | D:6      | Reached skill level 5 in Armour
  6784 | D:6      | Reached * piety under Ashenzari
  7111 | D:6      | Found a runed translucent door.
  7112 | D:6      | Noticed Crazy Yiuf
  7118 | D:6      | Killed Crazy Yiuf
  7324 | D:7      | Found a bloodstained altar of Trog.
  7324 | D:7      | Identified the Quarto of Unholy Liturgies and Hoarfrost
  7429 | D:7      | Paralysed by an orc for 2 turns
  7496 | D:7      | Found a burning altar of Makhleb.
  7629 | D:7      | Reached XP level 9. HP: 77/77 MP: 9/9
  8323 | D:8      | Found an ancient bone altar of Kikubaaqudgha.
  8539 | D:8      | Noticed Psyche
  8554 | D:8      | Killed Psyche
  9145 | D:8      | Found a staircase to the Lair.
  9351 | D:8      | Reached XP level 10. HP: 86/87 MP: 10/10
  9752 | D:8      | Noticed Joseph
  9764 | D:8      | Killed Joseph
 10182 | D:9      | Found a staircase to the Orcish Mines.
 10282 | D:9      | Noticed Maurice
 10292 | D:9      | Killed Maurice
 10364 | D:9      | Found a glowing golden altar of the Shining One.
 10871 | D:9      | Reached ** piety under Ashenzari
 10878 | D:9      | Noticed an angel
 10879 | D:9      | Found a glowing silver altar of Zin.
 11076 | D:9      | Found a hide-covered altar of Uskayaw.
 11077 | D:9      | Identified a scroll of acquirement
 11705 | D:9      | Reached XP level 11. HP: 54/98 MP: 11/11
 11970 | D:9      | Found an ornate altar of the Wu Jian Council.
 12068 | D:10     | Entered Level 10 of the Dungeon
 12205 | D:10     | Found an iron altar of Okawaru.
 12798 | D:10     | Acquired a +4 eveningstar of protection
 13055 | D:10     | Found a portal to a secret trove of treasure.
 13587 | Lair:1   | Entered Level 1 of the Lair of Beasts
 14427 | Lair:1   | Noticed a five-headed hydra
 14436 | Lair:1   | Killed a five-headed hydra
 14865 | Lair:1   | Noticed a death yak
 14865 | Lair:1   | Noticed a death yak
 14866 | Lair:1   | Noticed a death yak
 14880 | Lair:1   | Noticed a death yak
 14883 | Lair:1   | Noticed a death yak
 14888 | Lair:1   | Killed a death yak
 14889 | Lair:1   | Reached skill level 10 in Fighting
 15122 | Lair:2   | Found a gate leading to a gauntlet.
 15129 | Lair:2   | Noticed a death yak
 15129 | Lair:2   | Noticed a death yak
 15129 | Lair:2   | Noticed a death yak
 15130 | Lair:2   | Noticed a death yak
 15131 | Lair:2   | Noticed a death yak
 15132 | Gauntlet | Entered a Gauntlet
 15132 | Gauntlet | Noticed a soul eater
 15132 | Gauntlet | Found a transporter.
 15143 | Gauntlet | Found a transporter.
 15145 | Gauntlet | Found a transporter.
 15146 | Gauntlet | Found a transporter.
 15154 | Gauntlet | Found a transporter.
 15157 | Gauntlet | Found a transporter.
 15158 | Gauntlet | Found a transporter.
 15160 | Gauntlet | Noticed a fire crab
 15166 | Gauntlet | Found a transporter.
 15169 | Gauntlet | Found a transporter.
 15170 | Gauntlet | Found a transporter.
 15178 | Gauntlet | Noticed a thrashing horror
 15181 | Gauntlet | Identified the +1 pair of boots of Uskayaw, Burning {rElec
                  | rC++ Dex-3}
 15182 | Gauntlet | Found a transporter.
 15185 | Gauntlet | Found a transporter.
 15186 | Gauntlet | Found a transporter.
 15191 | Gauntlet | Noticed a wizard
 15192 | Gauntlet | Noticed a wizard
 15199 | Gauntlet | Found a transporter.
 15339 | Gauntlet | Killed a soul eater
 15340 | Gauntlet | Reached skill level 10 in Maces & Flails
 15519 | Gauntlet | Noticed a wolf spider
 15526 | Gauntlet | Noticed a wolf spider
 15526 | Gauntlet | Noticed a wolf spider
 15776 | Gauntlet | Killed a wizard
 15785 | Gauntlet | Killed a wizard
 15786 | Gauntlet | Reached XP level 12. HP: 85/108 MP: 12/12
 15809 | Gauntlet | Noticed a minotaur
 15856 | Gauntlet | HP: 4/108 [minotaur/staff of cold (6)]
 15861 | Gauntlet | Killed a minotaur
 16257 | Lair:3   | Noticed a six-headed hydra
 16266 | Lair:3   | Killed a six-headed hydra
 16966 | Lair:3   | Noticed a catoblepas
 16986 | Lair:3   | Killed a catoblepas
 16987 | Lair:3   | Reached skill level 10 in Shields
 17029 | Lair:3   | Slain by a manticore

Illustrated notes

Levels and vault maps discovered:
D:1:      shiori_shiawase, layout_basic
D:2:      layout_basic, kennysheep_generic_room_5
D:3:      layout_loops_ring, mainiacjoe_overflow_tiny_flanked
D:4:      layout_gridville, nicolae_yredelemnul_ghost_church, serial_shops,
          nicolae_shop_trees, minmay_misc_feat_plants, minmay_misc_feat_tiny,
          chequers_serial_rivers_micro_b
D:5:      layout_basic, lemuel_blue_sif_altar, mainiacjoe_overflow_alcove_1,
          minmay_temple_entry_glassed_door, uniq_duvessa
D:6:      layout_basic, hex_large, sigmund_army, uniq_edmund,
          uniq_crazy_yiuf_cottage
D:7:      layout_loops_ring, mainiacjoe_overflow_six_doors_small, bloody_trog,
          serial_demonic, serial_demonic_d, serial_demonic_f, serial_demonic_b,
          serial_demonic_d
D:8:      layout_loops_ring, lemuel_round_altar, due_lair_maze_entry_diamond,
          nicolae_wwwww, uniq_psyche, uniq_joseph
D:9:      layout_cave_pools, pdpol_wu_jian_five_deadly_venoms, zin_angel,
          nicolae_tso_carved_into_rock, eat_drink_and_be_merry_uskayaw,
          orc_0_dummy, grunt_ministairs_5, uniq_maurice
D:10:     layout_roguey, okawaru_humans, enter_trove_1
Lair:1:   layout_layer_cave, grunt_forest_large_clearing_hut
Lair:2:   layout_chaotic_city, dummy_snake_entry, gauntlet_entry_generic,
          disabler_island, uniq_harold
Lair:3:   layout_cave_shapes, minmay_shoals_entry_beasts, hangedman_tree_tricks,
          nicolae_quartered_pool_impasse, infiniplex_staircase_pool_2

Skill      XL: |  1  2  3  4  5  6  7  8  9 10 11 12 |
---------------+-------------------------------------+-----
Shields        | 3 4 5 6 7 8 9 10 | 10.0
Armour         | 3 4 5 6 7 8 9 |  9.2
Maces & Flails | 3 4 6 7 8 10 | 10.7
Fighting       | 4 5 6 7 9 10 | 10.9

Action                   |  1- 3 |  4- 6 |  7- 9 | 10-12 || total
-------------------------+-------+-------+-------+-------++-------
Melee: Flail             |    68 |   114 |     7 |       ||   189
       Tailslap          |     9 |    26 |    53 |    63 ||   151
       Dagger            |       |   129 |   109 |    37 ||   275
       Morningstar       |       |       |   276 |   238 ||   514
       Eveningstar       |       |       |       |   227 ||   227
Invok: Curse Item        |       |       |     2 |     2 ||     4
Evoke: Wand              |       |       |     1 |       ||     1
  Use: Potion            |       |       |     1 |     4 ||     5
       Scroll            |       |       |       |     6 ||     6
Armor: Scale mail        |    49 |    73 |       |       ||   122
       Chain mail        |       |    78 |   301 |   342 ||   721
Dodge: Dodged            |    23 |    58 |   110 |   138 ||   329
Block: Buckler           |    17 |    51 |    97 |   163 ||   328

Table legend: (Time is in decaauts)
 A = Elapsed time spent in this place.
 B = Non-inter-level travel time spent in this place.
 C = Inter-level travel time spent in this place.
 D = Time resting spent in this place.
 E = Time spent auto-exploring this place.
 F = Levels seen in this place.
 G = Mean time per level.
                   A        B        C        D        E       F      G
               +--------+--------+--------+--------+--------+-----+--------+
         Total |  17134 |  16699 |    435 |   1671 |  12184 |  14 | 1223.9 |
       Dungeon |  13724 |  13349 |    375 |   1005 |  10265 |  10 | 1372.4 |
          Lair |   2330 |   2271 |     59 |      0 |   1858 |   3 |  776.7 |
      Gauntlet |   1079 |   1079 |      0 |    666 |     61 |   1 | 1079.0 |
               +--------+--------+--------+--------+--------+-----+--------+

Top non-repeatable levels by time:
     D:8: 2108 daAuts
     D:9: 1914 daAuts
     D:5: 1797 daAuts
     D:4: 1541 daAuts
    D:10: 1481 daAuts
  Lair:1: 1348 daAuts
     D:3: 1093 daAuts
Gauntlet: 1079 daAuts
     D:6: 1076 daAuts
     D:1: 959 daAuts
     D:7: 914 daAuts
     D:2: 837 daAuts
  Lair:3: 778 daAuts
  Lair:2: 204 daAuts
